 Dungeon Crawl Stone Soup version 0.23-a0-899-gbbae0a3 (webtiles) character file.

Game seed: 2808380249086975548

121 Lanoc the Chopper (level 4, -5/41 HPs)
             Began as a Minotaur Chaos Knight on Jan 29, 2019.
             Was a Plaything of Xom.
             Slain by a hippogriff (6 damage)
             ... on level 3 of the Dungeon.
             The game lasted 00:05:17 (2163 turns).

Lanoc the Chopper (Minotaur Chaos Knight)           Turns: 2163, Time: 00:05:17

Health: -5/41      AC:  6    Str: 18    XL:     4   Next: 76%
Magic:  3/3        EV: 12    Int: 11    God:    Xom [.*....]
Gold:   92         SH:  0    Dex:  9    Spells: 3/3 levels left

rFire    . . .     SeeInvis .   a - +0 hand axe (chaos)
rCold    . . .     Gourm    .   (no shield)
rNeg     . . .     Faith    .   b - +3 leather armour
rPois    .         Spirit   .   (helmet restricted)
rElec    .         Reflect  .   (no cloak)
rCorr    .         Harm     .   (no gloves)
MR       .....                  (no boots)
Stlth    +.........             d - amulet of inaccuracy (curse)
HPRegen  0.13/turn              h - +2 ring of intelligence
MPRegen  0.08/turn              (no ring)

@: lightly drained
A: retaliatory headbutt, horns 2
a: Renounce Religion


You were on level 3 of the Dungeon.
You worshipped Xom.
You were a plaything of Xom.
You were very hungry.

You visited 1 branch of the dungeon, and saw 3 of its levels.

You collected 92 gold pieces.

Inventory:

Hand Weapons
 a - a +0 hand axe of chaos (weapon)
Missiles
 k - 91 arrows
Armour
 b - a +3 leather armour (worn)
Jewellery
 d - a cursed amulet of inaccuracy (around neck)
 h - a +2 ring of intelligence (left hand)
Wands
 o - a wand of disintegration (17)
Scrolls
 g - a scroll of teleportation
 i - 4 scrolls of enchant armour
 l - a scroll of magic mapping
 m - 2 scrolls of amnesia
 n - a scroll of remove curse {unknown}
 p - a scroll of fear {unknown}
Potions
 e - a potion of flight
 f - a potion of haste
 j - 2 potions of curing
Comestibles
 c - 8 rations


   Skills:
 + Level 4.4 Fighting
 * Level 5.0 Axes
 + Level 3.4 Armour
 + Level 2.3 Dodging


You had 3 spell levels left.
You didn't know any spells.
Your spell library contained the following spells:

 Spells                   Type           Power        Failure   Level  Hunger
 Beastly Appendage        Tmut           #.....       38%         1    ##.....
 Sticks to Snakes         Tmut           #.......     54%         2    ###....
 Spider Form              Tmut/Pois      #.........   77%         3    ####...
 Ice Form                 Ice/Tmut       #.......     99%         4    #####..
 Blade Hands              Tmut           #.........   100%        5    ######.


Dungeon Overview and Level Annotations

Branches:
Dungeon (3/15)

Altars:
Ru

Annotations:
D:3 Sigmund


Innate Abilities, Weirdness & Mutations

You reflexively headbutt those who attack you in melee.
You have a pair of horns on your head.


Message History

The hippogriff is severely wounded.
You are feeling very hungry. "Over there now!"
The hippogriff blinks!
Unknown command.
You hit the hippogriff. You freeze the hippogriff.
The hippogriff is severely wounded.
The hippogriff barely misses you. You furiously retaliate!
You headbutt the hippogriff. The hippogriff misses you.
The hippogriff closely misses you.
You hit the hippogriff.
The hippogriff is poisoned.
The hippogriff is almost dead.
The hippogriff barely misses you. You furiously retaliate!
You headbutt the hippogriff. The hippogriff pecks you!
* * * LOW HITPOINT WARNING * * *
Xom thinks this is hilarious!
The hippogriff claws you but does no damage.
The hippogriff bites you.
You die...
Xom laughs nastily!

#.#######.#.#...#####.#.#
#.#... #......##.#.#...# #.#
#.#... #..###.##.#<....# #.#
#.#... #..##...#.#.#...# #.#
#.#### #..##...#.#.#...#
#.###.##
#..##...#.#.#.#.#######.##...#
#..##...#.#.#........ #.##...#
#..##...#.#.#####.#.# #.#....#
#..##..........@H.#.###.#....#
#..##..##.#...........#[#....#
#).##.....#..######.#.#.#.####
#..##.#####..######.#.#<#.#
#...................#.#.#.#
#.###.รท.............#.#.#.#
##.............#.....#.#.#.#
#........#####.#.##..#.#.#.#
##.#####.#####.#.....#.#.#.#


You could see a hippogriff (berserk).

Vanquished Creatures
  3 adders
  3 gnolls (D:2)
  An ooze (D:3)
  2 dart slugs
  A leopard gecko (D:2)
  An orc (D:3)
  A ball python (D:3)
  6 bats
  A giant cockroach (D:1)
  12 hobgoblins
  6 jackals
  5 frilled lizards
  7 kobolds
  6 rats
55 creatures vanquished.

Notes
Turn   | Place    | Note
-------+----------+-------------------------------------------
     0 | D:1      | Lanoc the Minotaur Chaos Knight began the quest for the
                  | Orb.
     0 | D:1      | Reached XP level 1. HP: 19/19 MP: 0/0
   110 | D:1      | Reached XP level 2. HP: 27/27 MP: 1/1
   233 | D:1      | Reached skill level 4 in Axes
   240 | D:1      | XOM: harmless Fire miscast
   852 | D:1      | XOM: harmless Necr miscast
  1002 | D:2      | Reached XP level 3. HP: 25/33 MP: 2/2
  1127 | D:2      | XOM: mild Pois miscast
  1228 | D:2      | Found a sacrificial altar of Ru.
  1287 | D:2      | XOM: silly message
  1319 | D:2      | XOM: harmless Summ miscast
  1364 | D:2      | Reached XP level 4. HP: 34/40 MP: 3/3
  1692 | D:3      | XOM: enchant monster (bad)
  1694 | D:3      | Reached skill level 5 in Axes
  1706 | D:3      | Noticed Sigmund
  1747 | D:3      | XOM: summons 4 hostile shadow creatures
  1788 | D:3      | XOM: chaos upgrade
  1982 | D:3      | XOM: mild Ice miscast
  2001 | D:3      | XOM: noise
  2150 | D:3      | Noticed a hippogriff
  2159 | D:3      | XOM: blink monster(s)
  2163 | D:3      | HP: 1/41 [hippogriff (8)]
  2163 | D:3      | Slain by a hippogriff

Vault maps used:
D:1:      dpeg_arrival_another_circle, minmay_cupped
D:2:      nicolae_ru_the_path_less_chosen
D:3:      uniq_sigmund

Skill      XL: |  1  2  3  4 |
---------------+-------------+-----
Axes           | 4 5 |  5.0
Fighting       | 4 |  4.4
Armour         | 3 |  3.4
Dodging        | 2 |  2.3

Action                   |  1- 3 |  4- 6 || total
-------------------------+-------+-------++-------
Melee: Hand axe          |    88 |    54 ||   142
       Headbutt          |     7 |    10 ||    17
  Use: Scroll            |     9 |       ||     9
       Potion            |       |     2 ||     2
 Stab: Confused          |     2 |       ||     2
       Paralysed         |     1 |       ||     1
  Eat: Chunk             |     1 |     2 ||     3
Armor: Leather armour    |    42 |    26 ||    68
Dodge: Dodged            |    68 |    42 ||   110

Table legend:
 A = Non-vault XP
 B = Vault XP
 C = Vault XP percentage of total XP
 D = Non-vault monster count
 E = Vault monster count
 F = Vault count percentage of total count
                 A         B        C        D         E       F
            +---------+---------+-------+---------+---------+-------
      Total |     168 |       5 |   2.9 |      52 |       3 |   5.5
            +---------+---------+-------+---------+---------+-------
        D:1 |      25 |       5 |  16.7 |      15 |       3 |  16.7
        D:2 |     105 |       0 |   0.0 |      25 |       0 |   0.0
        D:3 |      38 |       0 |   0.0 |      12 |       0 |   0.0
            +---------+---------+-------+---------+---------+-------
